 Dungeon Crawl Stone Soup version 0.29-a0-25-g7f48f510a0 (webtiles) character file.

Game seed: 10233211815329630308

743 Ijustatesigmund the Cudgeller (level 7, -7/46 HPs)
             Began as a Gargoyle Fighter on Jan 31, 2022.
             Was an Initiate of Cheibriados.
             Mangled by a two-headed ogre (23 damage)
             ... on level 5 of the Dungeon.
             The game lasted 00:07:37 (5458 turns).

Ijustatesigmund the Cudgeller (Gargoyle Fighter)    Turns: 5458, Time: 00:07:38

Health: -7/46      AC: 15    Str: 22    XL:     7   Next: 76%
Magic:  8/8        EV:  8    Int: 10    God:    Cheibriados [......]
Gold:   233        SH:  8    Dex: 10    Spells: 6/6 levels left

rFire   . . .      SeeInvis +   j - +11 club
rCold   . . .      Faith    .   c - +0 kite shield
rNeg    + . .      Spirit   .   b - +0 scale mail
rPois   ∞          Reflect  .   (no helmet)
rElec   +          Harm     .   (no cloak)
rCorr   .          Rampage  .   (no gloves)
Will    .....                   (no boots)
Stlth   ..........              t - amulet of the acrobat
HPRegen 0.15/turn               f - ring of see invisible
MPRegen 0.11/turn               g - +4 ring of protection

@: mighty, very slow
A: sickness immunity, AC +4, negative energy resistance 1, electricity
resistance, torment resistance 1, petrification resistance
a: Renounce Religion


You were on level 5 of the Dungeon.
You worshipped Cheibriados.
Cheibriados was noncommittal.
You visited 2 branches of the dungeon, and saw 6 of its levels.
You also visited: Sewer.

You collected 233 gold pieces.

Inventory:

Hand Weapons
 a - a +1 flail
 j - a +11 club (weapon)
Armour
 b - a +0 scale mail (worn)
 c - a +0 kite shield (worn)
Jewellery
 f - a ring of see invisible (left hand)
 g - a +4 ring of protection (right hand)
 m - a ring of wizardry
 r - a ring of resist corrosion
 t - an amulet of the acrobat (around neck)
Wands
 d - a wand of digging (10)
 e - a wand of polymorph (8)
Scrolls
 i - a scroll of immolation
 l - 2 scrolls of identify
 o - a scroll of magic mapping
Potions
 h - a potion of brilliance
 k - a potion of curing
 n - 2 potions of haste {unknown}
 p - a potion of heal wounds {unknown}
 q - 2 potions of attraction {unknown}


   Skills:
 + Level 6.1 Fighting
 + Level 6.3 Maces & Flails
 - Level 4.3 Armour
 - Level 3.2 Shields
 + Level 1.3 Invocations


You had 6 spell levels left.
You didn't know any spells.
Your spell library contained the following spells:

 Spells                   Type           Power      Damage    Failure   Level
 Wereblood                Tmut           0%         N/A       99%         2
 Summon Hydra             Summ           0%         N/A       100%        7
 Sublimation of Blood     Necr           Unusable   N/A       N/A         2

Dungeon Overview and Level Annotations

Branches:
Dungeon (5/15)             Temple (1/1) D:4           Sewer (visited)

Altars:
Ashenzari
Cheibriados
Dithmenos
Elyvilon
Fedhas
Gozag
Hepliaklqana
Kikubaaqudgha
Makhleb
Nemelex Xobeh
Okawaru
Qazlal
Ru
Sif Muna
Trog
Uskayaw
Vehumet
Wu Jian
Xom
Yredelemnul
Zin
The Shining One

Annotations:
D:3 3 runed translucent doors, witty6's ghost, amateur DECj


Innate Abilities, Weirdness & Mutations

You are immune to sickness and miasma.
Your stone body is resilient. (AC +4)
You are immune to poison.
You resist negative energy. (rN+)
You are resistant to electric shocks. (rElec)
You are resistant to unholy torment.
You are immune to petrification.


Message History

Found a scale mail.
Found a stone staircase leading down.
A jelly comes into view.
Found 21 stones.
The jelly quivers.
You thump the jelly!
Your hands burn!
The jelly is almost dead.
The jelly completely misses you.
You hit the jelly.
You kill the jelly!
Cheibriados appreciates the change of pace.
No target in view!
No target in view!
No target in view!
No target in view!
No target in view!
No target in view!
No target in view!
Magic restored.
A two-headed ogre comes into view.
It is wielding a +0 giant spiked club and a +0 great mace.
The two-headed ogre shouts in stereo!
Okay, then.
You feel very mighty all of a sudden.
You hit the two-headed ogre.
The two-headed ogre is lightly wounded.
You block the two-headed ogre's attack.
The two-headed ogre hits you with a +0 great mace.
You barely miss the two-headed ogre.
The two-headed ogre is lightly wounded.
You block the two-headed ogre's attack.
The two-headed ogre hits you with a +0 great mace!!
You bludgeon the two-headed ogre!!
The two-headed ogre is heavily wounded.
The two-headed ogre hits you with a +0 giant spiked club!
You block the two-headed ogre's attack.
You hit the two-headed ogre.
The two-headed ogre is severely wounded.
The two-headed ogre hits you with a +0 giant spiked club!!
Ouch! That really hurt!
You die...

#>. ..# #[# #.# #.# #.#
#.# #.# #.# #.#
#.##########.#
#............#
####.##.#.#####.#
#.......#.# #@# #.
#.##.####.#####O###....
#.##.# #........(..#
#.##.##########.###....
#.##............# #.
#.##.##########.#
##.##.#### ...
.........# ...
...#..##.# .....


You could see a two-headed ogre.

Vanquished Creatures
  Sigmund (D:3)
  Pargi (Sewer)
  A scorpion (D:5)
  2 jellies
  2 orc priests (D:3)
  Ijyb (D:4)
  An iguana (D:4)
  2 orc wizards
  A hound zombie (D:5)
  Robin (D:1)
  7 adders
  An adder skeleton (D:4)
  A worm (D:2)
  A dart slug (D:3)
  12 orcs
  4 endoplasms
  6 giant cockroaches
  11 goblins
  11 hobgoblins
  8 jackals
  8 quokkas
  4 ball pythons
  3 bats (D:2)
  6 frilled lizards
  9 kobolds
  5 rats
110 creatures vanquished.

Notes
Turn   | Place    | Note
-------+----------+-------------------------------------------
     0 | D:1      | Ijustatesigmund the Gargoyle Fighter began the quest for
                  | the Orb.
     0 | D:1      | Reached XP level 1. HP: 14/14 MP: 1/1
    86 | D:1      | Reached XP level 2. HP: 18/19 MP: 2/2
   547 | D:1      | Reached XP level 3. HP: 24/24 MP: 3/3
  1365 | D:2      | Reached XP level 4. HP: 29/29 MP: 4/4
  1376 | D:2      | Noticed Robin
  1564 | D:1      | Killed Robin
  1617 | D:2      | You fall into a shaft and drop 1 floor!
  2258 | D:3      | Noticed Sigmund
  2272 | D:3      | Killed Sigmund
  2273 | D:3      | Reached skill level 5 in Fighting
  2273 | D:3      | Reached skill level 5 in Maces & Flails
  2273 | D:3      | Reached XP level 5. HP: 23/35 MP: 5/5
  2273 | D:3      | Reached XP level 6. HP: 26/40 MP: 6/6
  2508 | D:3      | Found a runed translucent gate.
  2508 | D:3      | Found a runed translucent gate.
  2509 | D:3      | Found a runed translucent gate.
  2714 | D:3      | Found a faded altar of an unknown god.
  2761 | D:3      | Noticed witty6's ghost (amateur DECj)
  3703 | D:4      | Reached XP level 7. HP: 44/44 MP: 7/7
  3727 | D:4      | Found a glowing drain.
  3744 | Sewer    | Entered a sewer
  3796 | Sewer    | Noticed Pargi
  3813 | Sewer    | Killed Pargi
  4028 | D:4      | Found an opulent altar of Gozag.
  4120 | D:4      | Noticed Ijyb
  4135 | D:4      | Killed Ijyb
  4486 | D:4      | Found a staircase to the Ecumenical Temple.
  4645 | Temple   | Entered the Ecumenical Temple
  5193 | Temple   | Became a worshipper of Cheibriados the Contemplative
  5271 | D:5      | Entered Level 5 of the Dungeon
  5378 | D:5      | Reached skill level 1 in Invocations
  5448 | D:5      | Noticed a two-headed ogre
  5458 | D:5      | Mangled by a two-headed ogre

Illustrated notes

Levels and vault maps discovered:
D:1:      dpeg_arrival_renting, layout_rooms
D:2:      layout_basic, uniq_robin
D:3:      layout_basic, hellmonk_ecumenical_altar_leap_of_faith,
          gammafunk_ghost_necromancy, uniq_sigmund
D:4:      layout_rooms, grunt_gozag_statues, minmay_temple_entry_poolview,
          gup_sewer_entry_pipe, uniq_ijyb
D:5:      layout_loops_ring
Temple:   mainiacjoe_temple_starburst

Skill      XL: |  1  2  3  4  5  6  7 |
---------------+----------------------+-----
Maces & Flails | 3 5 6 |  6.3
Fighting       | 4 5 6 |  6.1
Armour         | 4 |  4.3
Invocations    | 1 |  1.3
Shields        | |  3.2

Action                   |  1- 3 |  4- 6 |  7- 9 || total
-------------------------+-------+-------+-------++-------
Melee: Flail             |   107 |    36 |       ||   143
       Mace              |       |   106 |    67 ||   173
       Club              |       |       |    33 ||    33
  Use: Scroll            |     2 |     4 |     4 ||    10
       Potion            |       |     3 |     2 ||     5
 Stab: Invisible         |       |       |     2 ||     2
Armor: Scale mail        |    98 |    72 |    59 ||   229
       Skin              |       |     7 |       ||     7
Dodge: Dodged            |    60 |    49 |    50 ||   159
Block: Buckler           |    32 |     7 |       ||    39
       Kite shield       |       |    32 |    37 ||    69

Table legend: (Time is in decaauts)
 A = Elapsed time spent in this place.
 B = Non-inter-level travel time spent in this place.
 C = Inter-level travel time spent in this place.
 D = Time resting spent in this place.
 E = Time spent auto-exploring this place.
 F = Levels seen in this place.
 G = Mean time per level.
                   A        B        C        D        E       F      G
               +--------+--------+--------+--------+--------+-----+--------+
         Total |   5619 |   5352 |    267 |   1096 |   3379 |   7 |  802.7 |
       Dungeon |   4746 |   4590 |    156 |   1096 |   2693 |   5 |  949.2 |
        Temple |    617 |    506 |    111 |      0 |    498 |   1 |  617.0 |
         Sewer |    255 |    255 |      0 |      0 |    188 |   1 |  255.0 |
               +--------+--------+--------+--------+--------+-----+--------+

Top non-repeatable levels by time:
     D:3: 1709 daAuts
     D:2: 1266 daAuts
     D:4: 778 daAuts
     D:1: 765 daAuts
  Temple: 617 daAuts
   Sewer: 255 daAuts
     D:5: 225 daAuts
